 Dungeon Crawl Stone Soup version 0.28-a0-1143-gcf6077d4cc (webtiles) character file.

Game seed: 7946924815263779980

142 ytrimaz the Skirmisher (level 5, -2/43 HPs)
             Began as a Formicid Fighter on Dec 13, 2021.
             Slain by Pikel (5 damage)
             ... on level 3 of the Dungeon.
             The game lasted 00:02:39 (3046 turns).

ytrimaz the Skirmisher (Formicid Fighter)           Turns: 3046, Time: 00:02:39

Health: -2/43      AC: 12    Str: 22    XL:     5   Next: 49%
Magic:  14/14      EV:  8    Int:  8    God:
Gold:   692        SH:  4    Dex: 10    Spells: 4/4 levels left

rFire   + . .      SeeInvis +   a - +0 war axe
rCold   . . .      Faith    .   c - +0 buckler
rNeg    . . .      Spirit   .   h - +2 chain mail {rF+}
rPois   .          Reflect  .   (helmet unavailable)
rElec   .          Harm     .   (no cloak)
rCorr   .          Rampage  .   (no gloves)
Will    .....                   g - +0 pair of boots
Stlth   ..........              (no amulet)
HPRegen 0.14/turn               i - ring of magical power
MPRegen 0.14/turn               (no ring)

@: mighty
A: permanent stasis, dig shafts and tunnels, antennae 3, four strong arms
a: Dig, Shaft Self


You were on level 3 of the Dungeon.
You visited 1 branch of the dungeon, and saw 4 of its levels.

You collected 692 gold pieces.

Inventory:

Hand Weapons
 a - a +0 war axe (weapon)
Armour
 c - a +0 buckler (worn)
 g - a +0 pair of boots (worn)
 h - a +2 chain mail of fire resistance (worn)
Jewellery
 i - a ring of magical power (left hand)
Potions
 e - a potion of curing
 f - a potion of resistance
 j - 2 potions of heal wounds {unknown}
 k - a potion of brilliance {unknown}


   Skills:
 * Level 4.6 Fighting
 + Level 3.2 Axes
 * Level 4.5 Armour
 - Level 3.6 Shields


You had 4 spell levels left.
You didn't know any spells.
Your spell library contained the following spells:

 Spells                   Type           Power      Damage    Failure   Level
 Animate Dead             Necr           0%         N/A       100%        4
 Summon Lightning Spire   Summ/Air       0%         N/A       100%        4
 Borgnjor's Vile Clutch   Necr/Erth      0%         N/A       100%        5
 Death Channel            Necr           0%         N/A       100%        6
 Storm Form               Tmut/Air       0%         N/A       100%        7
 Maxwell's Capacitive Co  Air            0%         ∞         100%        8


Dungeon Overview and Level Annotations

Branches:
Dungeon (4/15)
 Temple: D:4-7

Altars:
Ashenzari
Wu Jian
Beogh

Annotations:
D:3 3 runed translucent doors, Pikel; dracfodder's ghost, weakling GrEE


Innate Abilities, Weirdness & Mutations

You cannot be hasted, slowed, berserked, paralysed or teleported.
You can dig through walls and to a lower floor.
You have a pair of large antennae on your head. (SInv)
Your four strong arms can wield two-handed weapons with a shield.


Message History

The ball python bites you but does no damage.
The ball python barely misses you. The lemure closely misses you.
The ball python closely misses you. You block the ball python's attack.
Found a hand axe.
There is a stone staircase leading up here.
Pikel barely misses you. The lemure hits you but does no damage.
The ball python bites you but does no damage.
The ball python closely misses you. The lemure hits you.
You climb upwards.
Level annotation: 3 runed translucent doors, dracfodder's ghost, weakling GrEE
There is a stone staircase leading down here.
Unknown command.
Unknown command.
Unknown command.
You feel very mighty all of a sudden. Pikel completely misses you.
You block the lemure's attack.
Unknown command.
You hit Pikel.
Pikel is lightly wounded.
You slash the lemure!
Pikel hits you with a +1 whip of electrocution.
You block the lemure's attack.
Unknown command.
You slash Pikel!
Pikel is moderately wounded.
You barely miss the lemure.
Pikel hits you with a +1 whip of electrocution.
The lemure hits you but does no damage. The lemure hits you.
Pikel says, "Hell isn't that bad."
Pikel hits you with a +1 whip of electrocution.
You slash Pikel!
Pikel is heavily wounded.
You barely miss the lemure. The lemure hits you.
Pikel zaps a wand.
Your mind is blasted!
* * * LOW HITPOINT WARNING * * *
You barely miss Pikel.
Pikel is heavily wounded.
You slash the lemure!
Pikel hits you with a +1 whip of electrocution.
You die...

#.# #.......# #####.# #.#
#.#####.# #...#.#
#.#####.#####.#######......
#.>...........).(.......###
#.###########.##.#.#.#.##
#.# #.....)....# #.#
####.#.#.###
#.##############.....#
#.#.....5K@5S......### ##
#.#.################ #.
#.#.# #. ##### #.
#8....[_[..{.8# #.
#.o...{...{...# #.
#.#8#..8..#8#.# ####.
#.###.{o..###.# #....
#....#####....##########.##.


You could see Pikel, 2 lemures and a ball python.

Vanquished Creatures
  Terence (D:2)
  2 gnolls (D:2)
  5 adders
  2 worms
  A dart slug (D:2)
  An orc (D:3)
  4 ball pythons (D:1)
  6 endoplasms
  2 giant cockroaches (D:2)
  5 hobgoblins
  3 jackals (D:1)
  2 frilled lizards
  4 goblins
  4 kobolds
  3 rats
45 creatures vanquished.

Notes
Turn   | Place    | Note
-------+----------+-------------------------------------------
     0 | D:1      | ytrimaz the Formicid Fighter began the quest for the Orb.
     0 | D:1      | Reached XP level 1. HP: 18/18 MP: 1/1
    76 | D:1      | Reached XP level 2. HP: 23/24 MP: 2/2
   618 | D:2      | Reached XP level 3. HP: 30/30 MP: 3/3
   820 | D:2      | Noticed Terence
   829 | D:2      | Killed Terence
   830 | D:2      | Reached XP level 4. HP: 32/37 MP: 4/4
  1334 | D:2      | Reached XP level 5. HP: 28/43 MP: 5/5
  1540 | D:2      | Found an ornate altar of the Wu Jian Council.
  2266 | D:3      | Identified a scroll of acquirement
  2266 | D:3      | Acquired 582 gold pieces
  2348 | D:3      | Found a broken altar of Ashenzari.
  2421 | D:3      | Found a runed translucent gate.
  2421 | D:3      | Found a runed translucent gate.
  2421 | D:3      | Found a runed translucent gate.
  2424 | D:3      | Identified the +4 spear "Witalil" {flame, rCorr}
  2424 | D:3      | Identified the +8 chain mail of Poor Excuses {-Cast rPois
                  | rC- Str+8}
  2426 | D:3      | Noticed dracfodder's ghost (weakling GrEE)
  2966 | D:4      | Noticed a lemure
  2968 | D:4      | Noticed Pikel
  2968 | D:4      | Noticed a lemure
  2968 | D:4      | Noticed a lemure
  3039 | D:4      | Noticed a lemure
  3046 | D:3      | Slain by Pikel

Illustrated notes

Levels and vault maps discovered:
D:1:      lightli_arrival_statuegarden, layout_loops_ring
D:2:      layout_loops_corners, basic_altar, uniq_terence
D:3:      layout_loops_ring, nicolae_ashenzari_panopticon,
          biasface_ghost_orc_armoury
D:4:      layout_basic, fiery_altar_vehumet, minmay_temple_entry_mini_moons,
          serial_shops, nicolae_shop_overgrown_old_shop, uniq_pikel,
          uniq_natasha, uniq_crazy_yiuf_cottage, uniq_eustachio

Skill      XL: |  1  2  3  4 |
---------------+-------------+-----
Fighting       | 4 |  4.6
Armour         | 4 |  4.5
Axes           | 3 |  3.2
Shields        | |  3.6

Action                   |  1- 3 |  4- 6 || total
-------------------------+-------+-------++-------
Melee: War axe           |    47 |    74 ||   121
 Abil: Dig               |       |     1 ||     1
  Use: Scroll            |     1 |     6 ||     7
       Potion            |       |     1 ||     1
Armor: Scale mail        |    25 |    22 ||    47
       Chain mail        |       |    18 ||    18
Dodge: Dodged            |    20 |    31 ||    51
Block: Buckler           |    10 |    21 ||    31

Table legend: (Time is in decaauts)
 A = Elapsed time spent in this place.
 B = Non-inter-level travel time spent in this place.
 C = Inter-level travel time spent in this place.
 D = Time resting spent in this place.
 E = Time spent auto-exploring this place.
 F = Levels seen in this place.
 G = Mean time per level.
                   A        B        C        D        E       F      G
               +--------+--------+--------+--------+--------+-----+--------+
         Total |   3091 |   2888 |    203 |    221 |   2162 |   4 |  772.8 |
       Dungeon |   3091 |   2888 |    203 |    221 |   2162 |   4 |  772.8 |
               +--------+--------+--------+--------+--------+-----+--------+

Top non-repeatable levels by time:
     D:2: 1278 daAuts
     D:3: 959 daAuts
     D:1: 846 daAuts
     D:4: 6 daAuts
